 Dungeon Crawl Stone Soup version 0.30-a0-347-gf58ed5266c (webtiles) character file.

Game seed: 10105091390962937876

34 ParallaxScroll the Trooper (level 3, -2/34 HPs)
             Began as a Naga Fighter on Nov 6, 2022.
             Slain by Robin
             ... wielding a +0 spear
              (4 damage)
             ... on level 2 of the Dungeon.
             The game lasted 00:10:07 (1756 turns).

ParallaxScroll the Trooper (Naga Fighter)           Turns: 1756, Time: 00:10:08

Health: -2/34      AC:  5    Str: 18    XL:     3   Next: 31%
Magic:  3/3        EV:  8    Int:  8    God:
Gold:   30         SH:  4    Dex: 12    Spells: 2/2 levels left

rFire   . . .      SeeInvis +    a - +0 long sword
rCold   + . .      Faith    .    h - +0 buckler
rNeg    . . .      Spirit   .    k - +1 ring mail {rC+}
rPois   +          Reflect  .    (no helmet)
rElec   .          Harm     .    (no cloak)
rCorr   .          Rampage  .    (no gloves)
Will    .....                    (no barding)
Stlth   +.........               (no amulet)
HPRegen 0.25/turn                (no ring)
MPRegen 0.08/turn                (no ring)

@: about to teleport, very slow
A: AC +1, large, see invisible, deformed body, poison resistance, slowness 2,
spit poison 1, naga tail 1
a: Spit Poison


You were on level 2 of the Dungeon.
You visited 1 branch of the dungeon, and saw 2 of its levels.

You collected 30 gold pieces.

Inventory:

Hand Weapons
 a - a +0 long sword (weapon)
 b - a +0 dagger
 c - a +0 short sword
Missiles
 f - 10 stones (quivered)
Armour
 e - a +0 scale mail
 h - a +0 buckler (worn)
 j - a +0 leather armour
 k - a +1 ring mail of cold resistance (worn)
Scrolls
 g - a scroll of immolation
 i - a scroll of vulnerability
 m - a scroll of magic mapping
Potions
 d - a potion of might


   Skills:
 - Level 3.0 Fighting
 + Level 2.4 Long Blades
 + Level 2.6 Armour
 + Level 1.0 Dodging
 + Level 1.4 Stealth
 - Level 3.0 Shields


You had 2 spell levels left.
You didn't know any spells.
Your spell library was empty.

Dungeon Overview and Level Annotations

Branches:
Dungeon (2/15)

Altars:

Annotations:
D:2 Natasha, Robin


Innate Abilities, Weirdness & Mutations

Your serpentine skin is tough. (AC +1)
You have supernaturally acute eyesight. (SInv)
Armour fits poorly on your strangely shaped body.
Your system is resistant to poisons. (rPois)
You cover ground very slowly.
You can spit poison.
You have a snake-like lower body.


Message History

You barely miss Robin. Robin hits you with a +0 spear.
You hit Robin but do no damage. Robin throws the goblin at you!
The goblin hits you but does no damage.
A hobgoblin comes into view.
You block Robin's attack. The goblin hits you with a +0 dagger.
A goblin comes into view. It is wielding a +0 club.
You hit Robin but do no damage.
You have got your breath back.
The goblin barely misses you.
You hit Robin.
Robin is moderately wounded.
The goblin barely misses you.
Robin roars a battlecry!
The goblins go into a battle-frenzy!
The hobgoblin hits you.
You hit Robin.
Robin is severely wounded.
The goblin hits you with a +0 dagger. Robin completely misses you.
The hobgoblin hits you. Robin hits you with a +0 spear.
The hobgoblin closely misses you. The goblin closely misses you.
As you read the scroll of teleportation, it crumbles to dust.
You feel strangely unstable. The goblin hits you but does no damage.
Robin hits you with a +0 spear.
* * * LOW HITPOINT WARNING * * *
You barely miss Robin.
Robin is severely wounded.
The hobgoblin hits you but does no damage.
The goblin hits you but does no damage. Robin hits you with a +0 spear.
* * * LOW HITPOINT WARNING * * *
You closely miss Robin.
Robin is severely wounded.
The goblin closely misses you. Robin hits you with a +0 spear.
* * * LOW HITPOINT WARNING * * *
The hobgoblin closely misses you.
You barely miss Robin.
Robin is severely wounded.
The goblin hits you with a +0 dagger.
* * * LOW HITPOINT WARNING * * *
Robin hits you with a +0 spear.
You die...

########################
##
.........†..............
.#
..#.....###############.
.# #.###g##........ #.
.# # #@##<..#####. #.
.#.# #ggg##.....#... #.
h..# ..#.####...#...# #.
...#
#.............#######.
g......
.......>#..........##.
#.#####
##.#.#.#.#####.####.##.
#.# #.# #.........#
#.... #.# # ###)#######
##### # # ....


You could see Robin, a hobgoblin (strong) and 2 goblins.

Vanquished Creatures
  A dart slug (D:1)
  An endoplasm (D:1)
  2 giant cockroaches (D:1)
  3 goblins
  6 hobgoblins
  5 kobolds (D:1)
  5 ball pythons (D:1)
  5 bats (D:1)
  2 rats (D:1)
30 creatures vanquished.

Vanquished Creatures (others)
  A plant (D:1)
1 creature vanquished.

Grand Total: 31 creatures vanquished

Notes
Turn   | Place    | Note
-------+----------+-------------------------------------------
     0 | D:1      | ParallaxScroll the Naga Fighter began the quest for the
                  | Orb.
     0 | D:1      | Reached XP level 1. HP: 21/21 MP: 1/1
   250 | D:1      | Reached skill level 1 in Stealth
   250 | D:1      | Reached XP level 2. HP: 28/28 MP: 2/2
  1261 | D:1      | Reached XP level 3. HP: 34/34 MP: 3/3
  1629 | D:2      | Noticed Natasha
  1642 | D:1      | Reached skill level 1 in Dodging
  1745 | D:2      | Noticed Robin
  1756 | D:2      | Slain by Robin

Illustrated notes

Levels and vault maps discovered:
D:1:      sevenhm_arrival_forest_fort_large_4, layout_loops_ring
D:2:      layout_basic, serial_bayou_pond_b, uniq_robin, uniq_sigmund,
          uniq_natasha

Skill      XL: |  1  2  3 |
---------------+----------+-----
Stealth        | 1 |  1.4
Shields        | 3 |  3.0
Dodging        | 1 |  1.0
Fighting       | |  3.0
Long Blades    | |  2.4
Armour         | |  2.6

Action                   || total
-------------------------++-------
Melee: Long sword        ||    75
Throw: Stone             ||     2
 Abil: Spit Poison       ||    29
  Use: Scroll            ||     5
Armor: Scale mail        ||     7
       Ring mail         ||    24
Dodge: Dodged            ||    37
Block: Buckler           ||    15

Table legend: (Time is in decaauts)
 A = Elapsed time spent in this place.
 B = Non-inter-level travel time spent in this place.
 C = Inter-level travel time spent in this place.
 D = Time resting spent in this place.
 E = Time spent auto-exploring this place.
 F = Levels seen in this place.
 G = Mean time per level.
                   A        B        C        D        E       F      G
               +--------+--------+--------+--------+--------+-----+--------+
         Total |   2083 |   1898 |    185 |    835 |    766 |   2 | 1041.5 |
       Dungeon |   2083 |   1898 |    185 |    835 |    766 |   2 | 1041.5 |
               +--------+--------+--------+--------+--------+-----+--------+

Top non-repeatable levels by time:
     D:1: 1977 daAuts
     D:2: 105 daAuts
